 Dungeon Crawl Stone Soup version 0.29.1-13-g9f3cf754e1 (webtiles) character file.

Game seed: 2718586815466947371

58 leafyfresh the Covert (level 4, 0/41 HPs)
             Began as a Gnoll Delver on Feb 7, 2023.
             Splashed by a jelly's acid (10 damage)
             ... on level 5 of the Dungeon.
             The game lasted 00:00:50 (186 turns).

leafyfresh the Covert (Gnoll Delver)                 Turns: 186, Time: 00:00:50

Health: 0/41       AC: -2    Str: 11    XL:     4   Next: 1%
Magic:  1/5        EV: 12    Int: 10    God:
Gold:   18         SH:  0    Dex: 15    Spells: 5/5 levels left

rFire   . . .      SeeInvis .   a - +0 spear
rCold   . . .      Faith    .   (no shield)
rNeg    . . .      Spirit   .   i - +0 ring mail
rPois   .          Reflect  .   (no helmet)
rElec   .          Harm     .   (no cloak)
rCorr   .          Rampage  .   (no gloves)
Will    .....                   (no boots)
Stlth   ++++......              (no amulet)
HPRegen 0.13/turn               (no ring)
MPRegen 0.09/turn               (no ring)

@: lethally poisoned (0 -> -8), corroded
A: fangs 1, strong nose, distributed training
a: no special abilities


You were on level 5 of the Dungeon.
You visited 1 branch of the dungeon, and saw 1 of its levels.

You collected 18 gold pieces.

Inventory:

Hand Weapons
 a - a +0 spear (weapon)
Armour
 b - a +0 leather armour
 i - a +0 ring mail (worn)
Wands
 g - a wand of digging (3)
Scrolls
 c - a scroll of fog
 d - a scroll of magic mapping
 e - a scroll of fear
 j - a scroll of brand weapon {unknown}
Potions
 f - a potion of haste
 h - a potion of curing {unknown}


   Skills:
 + Level 6.6 Fighting
 + Level 1.0 Short Blades
 + Level 1.0 Long Blades
 + Level 1.0 Axes
 + Level 1.0 Maces & Flails
 + Level 4.6 Polearms
 + Level 1.0 Staves
 + Level 1.0 Ranged Weapons
 + Level 1.0 Throwing
 + Level 1.0 Armour
 + Level 4.6 Dodging
 + Level 9.6 Stealth
 + Level 1.0 Shields
 + Level 1.0 Unarmed Combat
 + Level 1.0 Spellcasting
 + Level 0.8 Conjurations
 + Level 0.8 Hexes
 + Level 0.8 Summonings
 + Level 0.8 Necromancy
 + Level 0.8 Translocations
 + Level 0.8 Transmutations
 + Level 0.8 Fire Magic
 + Level 0.8 Ice Magic
 + Level 0.8 Air Magic
 + Level 0.8 Earth Magic
 + Level 0.8 Poison Magic
 + Level 1.1 Invocations
 + Level 1.0 Evocations


You had 5 spell levels left.
You didn't know any spells.
Your spell library was empty.

Dungeon Overview and Level Annotations

Branches:
Dungeon (5/15)
 Temple: D:4-7

Altars:


Innate Abilities, Weirdness & Mutations

You have very sharp teeth.
Your uncanny sense of smell can sniff out nearby items.
Your experience applies equally to all skills.


Message History

You feel clever.
The helpless scorpion fails to defend itself.
You hit the scorpion.
The scorpion is lightly wounded.
The scorpion stings you but does no damage.
The jelly hits you but does no damage.
You hit the scorpion. You bite the scorpion.
The scorpion is moderately wounded.
The scorpion barely misses you. The jelly hits you but does no damage.
You closely miss the scorpion.
The scorpion is moderately wounded.
The scorpion misses you. The jelly barely misses you.
You hit the scorpion but do no damage. You bite the scorpion.
The scorpion is heavily wounded.
The scorpion stings you.
You hit the scorpion but do no damage.
The scorpion is heavily wounded.
The jelly barely misses you. The scorpion closely misses you.
You completely miss the scorpion.
The scorpion is heavily wounded.
The jelly hits you. The acid corrodes you!
You are splashed with acid.
The scorpion misses you.
You hit the scorpion but do no damage.
The scorpion is heavily wounded.
The scorpion barely misses you. The jelly hits you.
You are splashed with acid!
You hit the scorpion but do no damage.
The scorpion is heavily wounded.
The scorpion closely misses you. The jelly barely misses you.
You hit the scorpion.
The scorpion is heavily wounded.
The scorpion closely misses you. The jelly barely misses you.
You closely miss the scorpion.
You punch the scorpion, but do no damage.
The scorpion is heavily wounded.
The scorpion stings you.
You are poisoned.
The scorpion poisons you! The jelly hits you.
* * * LOW HITPOINT WARNING * * *
The acid corrodes you!
You are splashed with acid!
You die...

#########
#..J@s..#
#.#####.#
#.# #.#
####.##
#.....#
#.....###
#.......#
#........#
####


You could see a scorpion and a jelly.

Vanquished Creatures
  A scorpion (D:5)
1 creature vanquished.

Notes
Turn   | Place    | Note
-------+----------+-------------------------------------------
     0 | D:5      | Reached skill level 9 in Stealth
     0 | D:5      | leafyfresh the Gnoll Delver began the quest for the Orb.
     0 | D:5      | Reached XP level 1. HP: 23/23 MP: 1/1
    10 | D:5      | Noticed a jelly
    54 | D:5      | Noticed an iguana
   167 | D:5      | Noticed a scorpion
   167 | D:5      | Noticed a scorpion
   174 | D:5      | Killed a scorpion
   175 | D:5      | Reached skill level 1 in Short Blades
   175 | D:5      | Reached skill level 1 in Long Blades
   175 | D:5      | Reached skill level 1 in Axes
   175 | D:5      | Reached skill level 1 in Maces & Flails
   175 | D:5      | Reached skill level 1 in Staves
   175 | D:5      | Reached skill level 1 in Ranged Weapons
   175 | D:5      | Reached skill level 1 in Throwing
   175 | D:5      | Reached skill level 1 in Armour
   175 | D:5      | Reached skill level 1 in Shields
   175 | D:5      | Reached skill level 1 in Unarmed Combat
   175 | D:5      | Reached skill level 1 in Spellcasting
   175 | D:5      | Reached skill level 1 in Invocations
   175 | D:5      | Reached skill level 1 in Evocations
   175 | D:5      | Reached XP level 2. HP: 24/29 MP: 1/3
   175 | D:5      | Reached XP level 3. HP: 29/35 MP: 1/4
   175 | D:5      | Reached XP level 4. HP: 34/41 MP: 1/5
   186 | D:5      | Splashed by a jelly's acid

Illustrated notes

Levels and vault maps discovered:
D:5:      layout_rooms, pdpol_wu_jian_five_deadly_venoms

Skill      XL: |  1 |
---------------+----+-----
Stealth        | |  9.6
Short Blades   | 1 |  1.0
Long Blades    | 1 |  1.0
Axes           | 1 |  1.0
Maces & Flails | 1 |  1.0
Staves         | 1 |  1.0
Ranged Weapons | 1 |  1.0
Throwing       | 1 |  1.0
Armour         | 1 |  1.0
Shields        | 1 |  1.0
Unarmed Combat | 1 |  1.0
Spellcasting   | 1 |  1.0
Invocations    | 1 |  1.1
Evocations     | 1 |  1.0
Fighting       | |  6.6
Polearms       | |  4.6
Dodging        | |  4.6
Conjurations   | |  0.8
Hexes          | |  0.8
Summonings     | |  0.8
Necromancy     | |  0.8
Translocations | |  0.8
Transmutations | |  0.8
Fire Magic     | |  0.8
Ice Magic      | |  0.8
Air Magic      | |  0.8
Earth Magic    | |  0.8
Poison Magic   | |  0.8

Action                   |  1- 3 |  4- 6 || total
-------------------------+-------+-------++-------
Melee: Spear             |     5 |    10 ||    15
       Bite              |     2 |     2 ||     4
       Punch             |     1 |     1 ||     2
 Stab: Sleeping          |     1 |     1 ||     2
Armor: Ring mail         |     2 |     3 ||     5
Dodge: Dodged            |     3 |    11 ||    14
